 Dungeon Crawl Stone Soup version 0.27.1-35-g4d5d836560 (console) character file.

Game seed: 5698385289692569333

2431 grimtooth the Destroyer (level 9, -5/45 HPs)
             Began as a Tengu Conjurer on Mar 25, 2022.
             Was an Initiate of Vehumet.
             Splashed by an acid dragon's acid (15 damage)
             ... on level 8 of the Dungeon.
             The game lasted 00:29:36 (8880 turns).

grimtooth the Destroyer (Tengu Conjurer)            Turns: 8880, Time: 00:29:37

Health: -5/45      AC:  2    Str:  8    XL:     9   Next: 48%
Magic:  12/16      EV: 14    Int: 21    God:    Vehumet [......]
Gold:   227        SH:  0    Dex: 13    Spells: 5/16 levels left

rFire    . . .     SeeInvis .   b - +0 hunting sling
rCold    . . .     Faith    .   (no shield)
rNeg     . . .     Spirit   .   G - +0 steam dragon scales
rPois    .         Reflect  .   (helmet restricted)
rElec    .         Harm     .   w - +0 cloak
rCorr    .         Rampage  .   (no gloves)
Will     .....                  (boots unavailable)
Stlth    ++........             f - amulet of regeneration
HPRegen  1.15/turn              (no ring)
MPRegen  0.15/turn              (no ring)

@: corroded, flying quickly and evasively, studying Transmutations, quick
A: beak, talons 3, nimble flight
a: Renounce Religion


You were on level 8 of the Dungeon.
You worshipped Vehumet.
Vehumet was noncommittal.
You visited 2 branches of the dungeon, and saw 9 of its levels.
You also visited: Sewer.

You collected 448 gold pieces.
You spent 221 gold pieces at shops.

Inventory:

Hand Weapons
 a - a +2 vampiric whip
 b - a +0 hunting sling (weapon)
 m - a +2 hand axe of freezing
Missiles
 c - 107 sling bullets
 e - 143 arrows
 l - 37 stones (quivered ammo)
 v - 18 poisoned darts
Armour
 w - a +0 cloak (worn)
 G - +0 steam dragon scales (worn)
Jewellery
 f - an amulet of regeneration (around neck)
 h - an amulet of the acrobat
Wands
 x - a wand of iceblast (6)
Scrolls
 g - 4 scrolls of identify {@r4}
 i - a scroll of brand weapon {unknown}
 j - 5 scrolls of teleportation
 k - 3 scrolls of enchant armour {unknown}
 n - 4 scrolls of fear
 p - 3 scrolls of amnesia {unknown}
 s - a scroll of enchant weapon {unknown}
 u - 2 scrolls of vulnerability {unknown}
 y - 3 scrolls of immolation {unknown}
 A - a scroll of torment {unknown}
 C - a scroll of fog
 D - 2 scrolls of noise {unknown}
 E - a scroll of holy word {unknown}
Potions
 d - 3 potions of mutation
 o - 2 potions of ambrosia
 q - a potion of haste
 r - 2 potions of curing
 t - 4 potions of lignification
 z - a potion of heal wounds
 F - a potion of might


   Skills:
 - Level 2.1 Dodging
 - Level 2.0 Stealth
 + Level 4.2 Spellcasting
 - Level 12.0 Conjurations
 * Level 4.3 Hexes
 * Level 4.4 Translocations


You had 5 spell levels left.
You knew the following spells:

 Your Spells              Type           Power      Damage    Failure   Level
a - Magic Dart            Conj           100%       1d8       1%          1
b - Searing Ray           Conj           100%       3d7       1%          2
d - Iskenderun's Mystic   Conj/Tloc      38%        2d9       4%          4
f - Fulminant Prism       Conj/Hex       19%        3d11      4%          4

Your spell library contained the following spells:

 Spells                   Type           Power      Damage    Failure   Level
 Apportation              Tloc           46%        N/A       1%          1
 Dazzling Flash           Conj/Hex       76%        N/A       1%          3
 Beastly Appendage        Tmut           8%         N/A       12%         1
 Summon Small Mammal      Summ           16%        N/A       12%         1
 Summon Guardian Golem    Hex/Summ       13%        N/A       14%         3
 Wereblood                Tmut           4%         N/A       19%         2
 Call Canine Familiar     Summ           4%         N/A       34%         3
 Spider Form              Tmut/Pois      2%         N/A       34%         3
 Alistair's Intoxication  Tmut/Pois      2%         N/A       97%         5
 Invisibility             Hex            11%        N/A       96%         6


Dungeon Overview and Level Annotations

Branches:
Dungeon (8/15)             Temple (1/1) D:6           Sewer (visited)
   Lair: D:8-11

Altars:
Ashenzari
Cheibriados
Dithmenos
Elyvilon
Fedhas
Gozag
Hepliaklqana
Kikubaaqudgha
Makhleb
Nemelex Xobeh
Okawaru
Qazlal
Sif Muna
Trog
Uskayaw
Vehumet
Wu Jian
Xom
Yredelemnul
Zin
The Shining One

Shops:
D:2 ?   D:5 ?

Annotations:
D:2 Sigmund


Innate Abilities, Weirdness & Mutations

You have a beak for a mouth.
You have claws for feet.
Your magical nature lets you fly swiftly and evasively.


Message History

There is an open door here.
There is an open door here.
As you open the door, it creaks loudly!
There is an open door here.
There is an open door here.
There is an open door here.
Press: ? - help, v - describe, . - travel An alarm trap.
You reach down and close the door.
There is an open door here.
There is an open door here.
There is a stone staircase leading down here.
You fly downwards.
There is a stone staircase leading up here.
Found a stone staircase leading down.
An acid dragon comes into view.
Found a dagger.
The acid dragon spits acid at you. The splash of acid hits you!
The acid corrodes you!
You are splashed with acid!
Casting: Searing Ray (safe; 1% risk of failure)
Confirm with . or Enter, or press ? or * to list all spells.
Aiming: Fulminant Prism (dangerous; 4% risk of failure)
Press: ? - help, Dir - move target You conjure a prism of explosive energy!
A fulminant prism comes into view.
The acid dragon spits acid at you. The splash of acid hits you!
You are splashed with acid!
* * * LOW HITPOINT WARNING * * *
You feel much better.
Your fulminant prism crackles loudly.
Your fulminant prism explodes!
The blast of energy engulfs the acid dragon!!
The acid dragon is severely wounded.
The acid dragon spits acid at you. The splash of acid hits you!
* * * LOW HITPOINT WARNING * * *
You are splashed with acid!
You die...

#.## .... ..# .....
#..... #.#......
#.....## ####..#
#......# ##.D.#.#
#......# #....#.#
#......###....#..
#.............##..
#.............# D.#
#.............##..#
####.<@##........>#
#...##......###
#..###......# #..#
#......# #..#
#......# #..#
#......# #..#
######.# ...# ..


You could see an acid dragon (catching breath).

Vanquished Creatures
  A steam dragon (D:7)
  2 water moccasins
  A sky beast (D:6)
  An ice beast (D:6)
  2 ogres
  An orc warrior (D:6)
  A black bear (D:4)
  A phantom (D:4)
  A kobold brigand (D:6)
  6 scorpions
  A wyvern skeleton (D:7)
  4 killer bees (D:5)
  2 centaur zombies
  A hound (D:3)
  3 orc priests
  4 centaur skeletons
  A scorpion zombie (D:5)
  A killer bee zombie (D:6)
  2 hound skeletons (D:4)
  7 adders
  A river rat (D:3)
  2 shadow imps
  A white imp (D:7)
  A worm (D:5)
  3 dart slugs
  17 orcs
  10 ball pythons
  10 endoplasms
  5 giant cockroaches
  9 goblins
  9 hobgoblins
  A jackal (D:2)
  11 kobolds
  3 quokkas
  12 bats
  4 frilled lizards
  2 rats (D:1)
144 creatures vanquished.

Vanquished Creatures (others)
  A fulminant prism (D:8)
1 creature vanquished.

Grand Total: 145 creatures vanquished

Notes
Turn   | Place    | Note
-------+----------+-------------------------------------------
     0 | D:1      | grimtooth the Tengu Conjurer began the quest for the Orb.
     0 | D:1      | Reached XP level 1. HP: 10/10 MP: 4/4
   203 | D:1      | Reached XP level 2. HP: 15/15 MP: 4/6
   266 | D:1      | Found a faded altar of an unknown god.
   701 | D:1      | Reached XP level 3. HP: 19/19 MP: 3/7
  1052 | D:1      | Reached skill level 6 in Conjurations
  1180 | D:1      | Learned a level 2 spell: Searing Ray
  1388 | D:2      | Found Ovveh's Magic Scroll Boutique.
  1396 | D:2      | Bought a scroll of teleportation for 36 gold pieces
  1396 | D:2      | Bought a scroll of identify for 24 gold pieces
  1551 | D:2      | Reached XP level 4. HP: 24/24 MP: 5/9
  1761 | D:2      | Noticed Sigmund
  1762 | D:2      | - you again
  2502 | D:3      | Noticed a scorpion
  2507 | D:3      | Killed a scorpion
  2508 | D:3      | Reached skill level 7 in Conjurations
  2508 | D:3      | Gained mutation: Your magical nature lets you fly swiftly
                  | and evasively. [Tengu growth]
  2508 | D:3      | Reached XP level 5. HP: 27/28 MP: 5/11
  2511 | D:3      | Noticed an ogre
  2548 | D:3      | Killed an ogre
  2549 | D:3      | Reached XP level 6. HP: 32/32 MP: 0/13
  2594 | D:3      | Found a glowing drain.
  2667 | Sewer    | Entered a sewer
  2721 | Sewer    | Reached skill level 8 in Conjurations
  2750 | Sewer    | Noticed a water moccasin
  2755 | Sewer    | Killed a water moccasin
  2927 | D:3      | Learned a level 4 spell: Fulminant Prism
  2932 | D:3      | Learned a level 4 spell: Iskenderun's Mystic Blast
  3206 | D:3      | Reached skill level 9 in Conjurations
  3474 | D:3      | Reached skill level 1 in Hexes
  3844 | D:4      | Reached XP level 7. HP: 36/36 MP: 8/14
  4812 | D:5      | Entered Level 5 of the Dungeon
  5415 | D:5      | Found Upli's Magic Scroll Emporium.
  5418 | D:5      | Bought a scroll of identify for 28 gold pieces
  5418 | D:5      | Bought a scroll of fear for 49 gold pieces
  5418 | D:5      | Bought a scroll of identify for 28 gold pieces
  5418 | D:5      | Bought a scroll of fog for 28 gold pieces
  5418 | D:5      | Bought a scroll of identify for 28 gold pieces
  5575 | D:5      | Reached XP level 8. HP: 41/41 MP: 10/15
  5607 | D:5      | Reached skill level 1 in Translocations
  6347 | D:6      | Found a staircase to the Ecumenical Temple.
  6519 | D:6      | Reached skill level 10 in Conjurations
  7193 | D:6      | - not one altar
  7261 | Temple   | Entered the Ecumenical Temple
  7469 | Temple   | Became a worshipper of Vehumet
  7558 | D:7      | Reached XP level 9. HP: 45/45 MP: 11/16
  7616 | D:7      | Reached skill level 11 in Conjurations
  8004 | D:7      | Reached skill level 12 in Conjurations
  8880 | D:8      | Splashed by an acid dragon's acid

Illustrated notes .>. #.. .... #.# >...###.# ......#.# ......... .. .. ........###..# .. <..........@# #.# #@# #.. ##.## ##.. .#.####...#### #... # .............####...###.# .<.####...##.#....##...## ##.###.#...#..#.#.. #...†.....##.##.### #..##...#.##..##..# #..#.......†##..#.. ########...........##.###. ..........#.....##..#..#.# Turn 1762 on D:2: - you again

......[..# #.# #####.##.#
#.# #####.##.# #.#
......##.# #.# ......##.#
#.# .........# #.#
.....##### #.#
.....#################.#
.....'.................#
.....####################
########........@.......#
#..........###########.##
#..........# #.#
#..........# #.#
#..........# #.#
#..........# #.#
#..........# #.#
#..........# #.#
#..........# #.#
#..........# #.#
#..........###########.#


Turn 7193 on D:6: - not one altar

Levels and vault maps discovered:
D:1:      wander_arrival_fairy_ring, layout_loops_corners,
          hellmonk_ecumenical_altar_run_dry, skrybe_limestone_x
D:2:      layout_loops_ring, serial_shops, shop, minmay_pentomino_pile,
          uniq_sigmund
D:3:      layout_basic, cheibrodos_sewer_entry_sluice, minmay_joined_circles
D:4:      layout_cave_pools, minmay_misc_feat_rugged
D:5:      layout_layer_cave, nicolae_stop_n_shop_2
D:6:      layout_basic, temple_green, kennysheep_generic_room_13
D:7:      layout_loops_corners, serial_co_window_serial, co_window_paths_a,
          co_window_corner_a, co_window_paths_b, co_window_corner_a,
          co_window_paths_b, co_window_broadway_a, co_window_unsneaky_path_a,
          co_window_broadway_a, co_window_2corner, co_window_paths_c,
          co_window_broadway_c, co_window_2corner, glass_columns_b,
          glass_columns_b, glass_columns_a, glass_columns_b, glass_columns_a
D:8:      layout_basic, lair_entry_dummy, minmay_misc_feat_diagonals
Temple:   roderic_octagonal_lattice_temple

Skill      XL: |  1  2  3  4  5  6  7  8  9 |
---------------+----------------------------+-----
Conjurations   | 6 7 9 10 12 | 12.0
Spellcasting   | 3 4 |  4.2
Hexes          | 1 4 |  4.3
Translocations | 4 |  4.4
Dodging        | |  2.1
Stealth        | |  2.0

Action                   |  1- 3 |  4- 6 |  7- 9 || total
-------------------------+-------+-------+-------++-------
Melee: Hand axe          |     5 |       |       ||     5
       Peck              |     1 |       |       ||     1
       Whip              |       |     2 |       ||     2
 Fire: Hunting sling     |     2 |    16 |    58 ||    76
Throw: Dart              |       |       |     4 ||     4
 Cast: Magic Dart        |    45 |    35 |    11 ||    91
       Searing Ray       |     4 |    21 |    49 ||    74
       Fulminant Prism   |       |       |     1 ||     1
  Use: Scroll            |     1 |     4 |     2 ||     7
       Potion            |       |       |     1 ||     1
Armor: Robe              |       |     2 |       ||     2
       Leather armour    |       |       |     5 ||     5
Dodge: Dodged            |     7 |     5 |    23 ||    35
